[Event "SWE-ch Masters Elite 2019"]
[Site "Eskilstuna"]
[Date "2019.07.10"]
[Round "5.2"]
[White "Seo, Jung Min"]
[Black "Ernst, Thomas"]
[Result "1-0"]
[ECO "C77"]
[WhiteElo "2399"]
[BlackElo "2335"]
[Annotator "NA"]
[PlyCount "69"]
[EventDate "2019.07.06"]
[EventType "tourn"]
[EventCountry "SWE"]
[SourceTitle "playchess.com"]
[Source "ChessBase"]
[SourceQuality "1"]
[TimeControl "40/5400+30:1800+30"]

1. e4 e5 2. Nf3 Nc6 3. Bb5 a6 4. Ba4 Nf6 5. d3 d6 6. c3 g6 7. O-O Bg7 8. Re1 Bd7 9. Nbd2 O-O 10. Nf1 b5 11. Bc2 d5 12. Ng3 h6 13. Qe2 Re8 14. Be3 Be6 15. h3 Kh7 16. a4 Qd7 17. Red1 d4 18. Bd2 Qe7 19. Rdc1 Nd7 20. Bd1 Qd6 21. h4 Red8 22. cxd4 exd4 23. h5 Bg4 24. Ng5+ hxg5 25. Qxg4 Bh6 26. hxg6+ Qxg6 27. Nf5 Nce5 28. Qh3 c5 29. f4 g4 30. Qxh6+ Qxh6 31. Nxh6 Nxd3 32. Nxf7 Nxc1 33. Rxc1 Rf8 34. Ng5+ Kg6 35. Bxg4 1-0

[Event "SWE-ch Masters Elite 2019"]
[Site "Eskilstuna"]
[Date "2019.07.10"]
[Round "5.3"]
[White "Nyander, Joakim"]
[Black "Lindberg, Bengt"]
[Result "1/2-1/2"]
[ECO "A14"]
[WhiteElo "2233"]
[BlackElo "2384"]
[Annotator "NA"]
[PlyCount "57"]
[EventDate "2019.07.06"]
[EventType "tourn"]
[EventCountry "SWE"]
[SourceTitle "playchess.com"]
[Source "ChessBase"]
[SourceQuality "1"]
[TimeControl "40/5400+30:1800+30"]

1. c4 Nf6 2. g3 e6 3. Bg2 d5 4. Nf3 Be7 5. O-O O-O 6. b3 c5 7. Bb2 Nc6 8. e3 d4 9. exd4 cxd4 10. Re1 Bc5 11. d3 Re8 12. Ne5 Nxe5 13. Rxe5 Qd6 14. f4 Rb8 15. Nd2 b6 16. Ne4 Nxe4 17. Rxe4 Bb7 18. Re5 f6 19. Re2 Bxg2 20. Kxg2 b5 21. Rc1 bxc4 22. Rxc4 e5 23. fxe5 fxe5 24. Re4 Rf8 25. Qe2 Rbe8 26. Rc1 Re7 27. Rf1 Rxf1 28. Qxf1 Ba3 29. Bxa3 1/2-1/2

[Event "SWE-ch Masters Elite 2019"]
[Site "Eskilstuna"]
[Date "2019.07.10"]
[Round "5.4"]
[White "Andersson, Tommy"]
[Black "Wengholm, Anders"]
[Result "1-0"]
[ECO "A65"]
[WhiteElo "2390"]
[BlackElo "2219"]
[Annotator "NA"]
[PlyCount "101"]
[EventDate "2019.07.06"]
[EventType "tourn"]
[EventCountry "SWE"]
[SourceTitle "playchess.com"]
[Source "ChessBase"]
[SourceQuality "1"]
[TimeControl "40/5400+30:1800+30"]

1. d4 Nf6 2. c4 g6 3. f3 Bg7 4. e4 d6 5. Nc3 O-O 6. Be3 c5 7. Nge2 Nc6 8. d5 Ne5 9. Ng3 e6 10. Be2 exd5 11. cxd5 a6 12. a4 h5 13. O-O Nh7 14. Qd2 Re8 15. Nh1 f5 16. Nf2 Bd7 17. Nh3 fxe4 18. Nxe4 Bxh3 19. gxh3 Qd7 20. Kg2 b5 21. b3 Nf7 22. Ra2 Rab8 23. axb5 axb5 24. Ra6 Ra8 25. Rb6 Reb8 26. Bxb5 Qd8 27. Rxb8 Qxb8 28. Bc4 Qe8 29. Bf4 Qd7 30. Re1 Re8 31. Bg3 Be5 32. f4 Bd4 33. Bd3 Kg7 34. Re2 Nh6 35. Ng5 Rxe2+ 36. Qxe2 Nxg5 37. fxg5 Nf5 38. Qe6 Ne3+ 39. Kf3 Qf7+ 40. Qxf7+ Kxf7 41. Bf2 Nd1 42. Bxd4 cxd4 43. b4 Nc3 44. b5 Na4 45. Ke4 Nc5+ 46. Kxd4 Nxd3 47. Kxd3 Ke7 48. b6 Kd7 49. Kc4 Kc8 50. Kb5 Kb7 51. h4 1-0

[Event "SWE-ch Masters Elite 2019"]
[Site "Eskilstuna"]
[Date "2019.07.10"]
[Round "5.5"]
[White "Malmstig, Erik"]
[Black "Logdahl, Harald"]
[Result "0-1"]
[ECO "A85"]
[WhiteElo "2357"]
[BlackElo "2269"]
[Annotator "NA"]
[PlyCount "80"]
[EventDate "2019.07.06"]
[EventType "tourn"]
[EventCountry "SWE"]
[SourceTitle "playchess.com"]
[Source "ChessBase"]
[SourceQuality "1"]
[TimeControl "40/5400+30:1800+30"]

1. d4 f5 2. c4 Nf6 3. Nc3 d6 4. e3 g6 5. Bd3 e5 6. Nge2 Nc6 7. f3 Bg7 8. a3 O-O 9. O-O a5 10. Rb1 Nh5 11. d5 Nb8 12. f4 Na6 13. b4 axb4 14. axb4 Kh8 15. Bd2 c5 16. bxc5 Nxc5 17. Bc2 Bd7 18. Nb5 Bxb5 19. Rxb5 Qe7 20. Kh1 exf4 21. exf4 Nf6 22. Ng1 Nfe4 23. Nf3 Rfe8 24. Rb6 Ra1 25. Bb1 Qc7 26. Rb4 Nd3 27. Qc2 Nxd2 28. Qxd2 Nxb4 29. Qxb4 Qc5 30. Qb3 b6 31. h4 Re3 32. Qc2 Kg8 33. h5 b5 34. Nd2 bxc4 35. Nxc4 Re4 36. Nd2 Qxc2 37. Bxc2 Rxf1+ 38. Nxf1 Rxf4 39. Ne3 Rh4+ 40. Kg1 Bd4 0-1

[Event "SWE-ch Masters Elite 2019"]
[Site "Eskilstuna"]
[Date "2019.07.11"]
[Round "6.1"]
[White "Cramling, Dan"]
[Black "Ernst, Thomas"]
[Result "1-0"]
[ECO "D48"]
[WhiteElo "2321"]
[BlackElo "2335"]
[Annotator "NA"]
[PlyCount "83"]
[EventDate "2019.07.06"]
[EventType "tourn"]
[EventCountry "SWE"]
[SourceTitle "playchess.com"]
[Source "ChessBase"]
[SourceQuality "1"]
[TimeControl "40/5400+30:1800+30"]

1. c4 c6 2. Nc3 d5 3. d4 Nf6 4. e3 e6 5. Nf3 Nbd7 6. Bd3 dxc4 7. Bxc4 b5 8. Bd3 a6 9. a4 b4 10. Ne4 Bb7 11. O-O c5 12. Nxf6+ Nxf6 13. dxc5 Bxc5 14. Qe2 Qe7 15. e4 e5 16. Nh4 O-O 17. Nf5 Qe6 18. Bg5 Rfc8 19. Rac1 a5 20. Rfd1 Qb6 21. Bxf6 Qxf6 22. Bc4 Bd4 23. Rc2 Rd8 24. Rd3 Ba6 25. Rg3 g6 26. Nh6+ Kg7 27. Rf3 Bxc4 28. Qxc4 Qxf3 29. gxf3 Kxh6 30. Qxf7 Rf8 31. Qe7 Rac8 32. b3 Rxc2 33. Qxf8+ Kh5 34. Kg2 Rxf2+ 35. Kg3 Rf1 36. Qd8 Rg1+ 37. Kh3 g5 38. Qg8 Kh6 39. Qf7 Rf1 40. Kg4 Rg1+ 41. Kf5 g4 42. Qf6+ 1-0

[Event "SWE-ch Masters Elite 2019"]
[Site "Eskilstuna"]
[Date "2019.07.11"]
[Round "6.2"]
[White "Rydstrom, Tom"]
[Black "Nyander, Joakim"]
[Result "0-1"]
[ECO "B42"]
[WhiteElo "2345"]
[BlackElo "2233"]
[Annotator "NA"]
[PlyCount "92"]
[EventDate "2019.07.06"]
[EventType "tourn"]
[EventCountry "SWE"]
[SourceTitle "playchess.com"]
[Source "ChessBase"]
[SourceQuality "1"]
[TimeControl "40/5400+30:1800+30"]

1. e4 c5 2. Nf3 e6 3. d4 cxd4 4. Nxd4 a6 5. Bd3 Nf6 6. O-O d6 7. Be3 Be7 8. c4 O-O 9. Nc3 b6 10. f4 Bb7 11. a3 Re8 12. Qf3 Nbd7 13. b4 Rc8 14. Rac1 Bf8 15. Qh3 g6 16. g4 e5 17. Nf3 exf4 18. Bxf4 b5 19. cxb5 axb5 20. Be3 Bg7 21. Nxb5 Rxc1 22. Rxc1 Bxe4 23. Bf1 Bxf3 24. Qxf3 Ne5 25. Qb7 Nfxg4 26. Bf4 Qf6 27. Rc8 Rxc8 28. Qxc8+ Bf8 29. Qc1 Bh6 30. Qc8+ Kg7 31. Bxh6+ Kxh6 32. Qc1+ Kg7 33. Bg2 Qf2+ 34. Kh1 Qh4 35. h3 Nf2+ 36. Kg1 Qg3 37. Qc3 Nxh3+ 38. Kh1 Nf2+ 39. Kg1 Nh3+ 40. Kh1 Nf2+ 41. Kg1 Nfd3 42. Nxd6 Qe3+ 43. Kh2 Kh6 44. Ne4 Ng4+ 45. Kh1 Ndf2+ 46. Kg1 Nh3+ 0-1

[Event "SWE-ch Masters Elite 2019"]
[Site "Eskilstuna"]
[Date "2019.07.11"]
[Round "6.3"]
[White "Wengholm, Anders"]
[Black "Seo, Jung Min"]
[Result "0-1"]
[ECO "A39"]
[WhiteElo "2219"]
[BlackElo "2399"]
[Annotator "NA"]
[PlyCount "68"]
[EventDate "2019.07.06"]
[EventType "tourn"]
[EventCountry "SWE"]
[SourceTitle "playchess.com"]
[Source "ChessBase"]
[SourceQuality "1"]
[TimeControl "40/5400+30:1800+30"]

1. c4 c5 2. Nf3 Nf6 3. Nc3 Nc6 4. g3 g6 5. Bg2 Bg7 6. d4 cxd4 7. Nxd4 O-O 8. O-O Qa5 9. Nb3 Qh5 10. h3 g5 11. e4 g4 12. Nd5 d6 13. Nf4 Qe5 14. hxg4 Bxg4 15. f3 Bc8 16. g4 a5 17. Nd3 Qe6 18. Nd2 Nd7 19. f4 Bd4+ 20. Kh2 Qh6+ 21. Kg3 Nf6 22. Bf3 Qg7 23. Nb3 Ba7 24. Rh1 Bxg4 25. Bxg4 h5 26. Nf2 Bxf2+ 27. Kxf2 Nxg4+ 28. Kf3 Qg6 29. Nd4 Nxd4+ 30. Qxd4 f5 31. Ke2 e5 32. Qd5+ Kh8 33. exf5 Rxf5 34. Bd2 Re8 0-1

[Event "SWE-ch Masters Elite 2019"]
[Site "Eskilstuna"]
[Date "2019.07.11"]
[Round "6.4"]
[White "Lindberg, Bengt"]
[Black "Malmstig, Erik"]
[Result "0-1"]
[ECO "B43"]
[WhiteElo "2384"]
[BlackElo "2357"]
[Annotator "NA"]
[PlyCount "196"]
[EventDate "2019.07.06"]
[EventType "tourn"]
[EventCountry "SWE"]
[SourceTitle "playchess.com"]
[Source "ChessBase"]
[SourceQuality "1"]
[TimeControl "40/5400+30:1800+30"]

1. e4 c5 2. Nf3 e6 3. d4 cxd4 4. Nxd4 a6 5. Nc3 Qc7 6. Bd3 Nf6 7. O-O Bc5 8. Nb3 Be7 9. f4 d6 10. e5 Nfd7 11. exd6 Qxd6 12. Ne4 Qb6+ 13. Kh1 O-O 14. Qe2 Nc6 15. Be3 Qc7 16. c3 Nf6 17. Rad1 Nd5 18. Bc1 b5 19. Bb1 Rd8 20. Rde1 a5 21. Qh5 g6 22. Qf3 Bf8 23. Ng5 Bg7 24. Nc5 Nce7 25. Nd3 Nf5 26. Qh3 h6 27. Ne4 b4 28. cxb4 axb4 29. Ne5 Ba6 30. Rg1 Bb7 31. Ng3 Nf6 32. Nxf5 exf5 33. Qb3 Bf8 34. Rgf1 Bd5 35. Qg3 Ne4 36. Bxe4 Bxe4 37. a3 Rab8 38. h4 h5 39. Rxe4 fxe4 40. f5 Rb6 41. Bf4 Qc2 42. Kh2 Rd3 43. Nxd3 exd3 44. Rf2 Qc4 45. Rf3 Rf6 46. Rxd3 Rxf5 47. Bd6 Bxd6 48. Rxd6 Rf4 49. Kh3 Qc1 50. Rd1 Qc8+ 51. Kh2 Qc7 52. Kh3 Qc8+ 53. Kh2 Qc4 54. Kh3 Rg4 55. Rd8+ Kh7 56. Qf2 Qe6 57. Kh2 Qe7 58. Rd3 Rxh4+ 59. Kg1 Re4 60. axb4 Re2 61. Qg3 Rxb2 62. Re3 Rb1+ 63. Kh2 Qxb4 64. Re8 Rf1 65. Rb8 Qf4 66. Qxf4 Rxf4 67. Kg3 Rf5 68. Rb7 Kh6 69. Ra7 Kg5 70. Ra4 Rb5 71. Kh3 Rb3+ 72. g3 f5 73. Rc4 Re3 74. Kg2 Re4 75. Rc6 h4 76. gxh4+ Rxh4 77. Ra6 Rb4 78. Ra3 Rg4+ 79. Kh3 Re4 80. Kg3 Rg4+ 81. Kf3 Rh4 82. Ra6 Rh3+ 83. Kg2 Rb3 84. Rc6 Kh5 85. Rf6 Kg5 86. Ra6 f4 87. Rc6 Kf5 88. Kf2 g5 89. Kg2 Rb2+ 90. Kf1 Kg4 91. Kg1 Kg3 92. Rc1 Rg2+ 93. Kh1 Rh2+ 94. Kg1 f3 95. Rc3 g4 96. Rb3 Rc2 97. Rb1 Rg2+ 98. Kf1 Rh2 0-1

[Event "SWE-ch Masters Elite 2019"]
[Site "Eskilstuna"]
[Date "2019.07.12"]
[Round "7.1"]
[White "Nyander, Joakim"]
[Black "Cramling, Dan"]
[Result "0-1"]
[ECO "A36"]
[WhiteElo "2233"]
[BlackElo "2321"]
[Annotator "NA"]
[PlyCount "74"]
[EventDate "2019.07.06"]
[EventType "tourn"]
[EventCountry "SWE"]
[SourceTitle "playchess.com"]
[Source "ChessBase"]
[SourceQuality "1"]
[TimeControl "40/5400+30:1800+30"]

1. c4 g6 2. g3 Bg7 3. Bg2 d6 4. Nc3 Nf6 5. e4 O-O 6. Nge2 c5 7. d3 Nc6 8. O-O Rb8 9. h3 a6 10. a4 Ne8 11. Be3 Nc7 12. d4 cxd4 13. Nxd4 Ne6 14. Nde2 Bd7 15. Qd2 Na5 16. Qd3 Rc8 17. b3 Nxb3 18. Rab1 Nec5 19. Qc2 Na5 20. Nd5 Bxa4 21. Qa2 Bb3 22. Rxb3 Naxb3 23. Rb1 e6 24. Ndc3 Na5 25. f4 Nd7 26. Rb4 Qc7 27. e5 dxe5 28. Ne4 b6 29. c5 Nxc5 30. Nxc5 bxc5 31. Ra4 Nc6 32. Bxc5 Rfd8 33. Rxa6 Nd4 34. Bb6 Nxe2+ 35. Kh2 Qc1 36. Qxe2 Rd2 37. Qf3 Rcc2 0-1

[Event "SWE-ch Masters Elite 2019"]
[Site "Eskilstuna"]
[Date "2019.07.12"]
[Round "7.2"]
[White "Ernst, Thomas"]
[Black "Wengholm, Anders"]
[Result "1-0"]
[ECO "B81"]
[WhiteElo "2335"]
[BlackElo "2219"]
[Annotator "NA"]
[PlyCount "55"]
[EventDate "2019.07.06"]
[EventType "tourn"]
[EventCountry "SWE"]
[SourceTitle "playchess.com"]
[Source "ChessBase"]
[SourceQuality "1"]
[TimeControl "40/5400+30:1800+30"]

1. e4 c5 2. Nf3 e6 3. d4 cxd4 4. Nxd4 Nf6 5. Nc3 d6 6. g4 h6 7. h3 a6 8. Bg2 Nfd7 9. b3 Qc7 10. Bb2 g5 11. Qd2 Be7 12. Nf5 Ne5 13. Nxe7 Kxe7 14. O-O-O b5 15. f4 gxf4 16. Qxf4 b4 17. Rhf1 Nbd7 18. Na4 Rh7 19. Rd4 a5 20. Kb1 Ba6 21. Rfd1 Rc8 22. Qd2 Bb5 23. Rxd6 Bxa4 24. bxa4 f6 25. Bf1 Rhh8 26. Bb5 Nc5 27. Qf4 Rcd8 28. Bxe5 1-0

[Event "SWE-ch Masters Elite 2019"]
[Site "Eskilstuna"]
[Date "2019.07.12"]
[Round "7.3"]
[White "Malmstig, Erik"]
[Black "Rydstrom, Tom"]
[Result "1/2-1/2"]
[ECO "A25"]
[WhiteElo "2357"]
[BlackElo "2345"]
[Annotator "NA"]
[PlyCount "73"]
[EventDate "2019.07.06"]
[EventType "tourn"]
[EventCountry "SWE"]
[SourceTitle "playchess.com"]
[Source "ChessBase"]
[SourceQuality "1"]
[TimeControl "40/5400+30:1800+30"]

1. c4 e5 2. g3 Nc6 3. Bg2 Bc5 4. Nc3 a6 5. e3 d6 6. Nge2 Ba7 7. O-O h5 8. h3 h4 9. g4 f5 10. f3 Nf6 11. d4 Bd7 12. Kh1 Qe7 13. b4 Qf7 14. b5 axb5 15. Nxb5 Bb6 16. c5 dxc5 17. dxc5 Ba5 18. e4 f4 19. Nec3 Nd4 20. Qd3 Be6 21. Nd5 Nxb5 22. Nxf6+ gxf6 23. Qxb5+ c6 24. Qb2 O-O 25. Rd1 Rfd8 26. Bd2 Bxd2 27. Rxd2 Rxd2 28. Qxd2 Qe7 29. Qf2 Ra5 30. Rc1 Rxa2 31. Qxh4 Kg7 32. Rg1 Ra8 33. Rb1 Ra5 34. Rg1 Ra8 35. Rd1 Ra2 36. Rg1 Ra8 37. Rd1 1/2-1/2

[Event "SWE-ch Masters Elite 2019"]
[Site "Eskilstuna"]
[Date "2019.07.12"]
[Round "7.4"]
[White "Seo, Jung Min"]
[Black "Logdahl, Harald"]
[Result "1-0"]
[ECO "A44"]
[WhiteElo "2399"]
[BlackElo "2269"]
[Annotator "ChessBase"]
[PlyCount "75"]
[EventDate "2019.07.06"]
[EventType "tourn"]
[EventCountry "SWE"]
[SourceTitle "playchess.com"]
[Source "ChessBase"]
[SourceQuality "1"]
[TimeControl "40/5400+30:1800+30"]

1. d4 c5 2. d5 e5 3. e4 d6 4. Nc3 Be7 5. Nf3 Bg4 6. h3 Bxf3 7. Qxf3 a6 8. Qg3 Kf8 9. h4 b5 10. a4 b4 11. Nd1 Nf6 12. Qf3 h5 13. Ne3 g6 14. g3 Nbd7 15. a5 Ra7 16. Nc4 Ne8 17. Be2 Nc7 18. Bd2 Nb5 19. c3 bxc3 20. bxc3 Kg7 21. O-O Nf6 22. Qd3 Ng4 23. Kg2 Nh6 24. Nb6 f6 25. Qf3 Qe8 26. Bd3 g5 27. Rh1 Ng4 28. Qe2 Qg6 29. Rae1 Nc7 30. Rh3 Nb5 31. Reh1 Rb7 32. f3 Bd8 33. fxg4 hxg4 34. Qxg4 gxh4 35. Qxg6+ Kxg6 36. Rxh4 Rxh4 37. gxh4 Bxb6 38. axb6 1-0

[Event "SWE-ch Masters Elite 2019"]
[Site "Eskilstuna"]
[Date "2019.07.12"]
[Round "7.5"]
[White "Andersson, Tommy"]
[Black "Lindberg, Bengt"]
[Result "1/2-1/2"]
[ECO "E15"]
[WhiteElo "2390"]
[BlackElo "2384"]
[Annotator "NA"]
[PlyCount "113"]
[EventDate "2019.07.06"]
[EventType "tourn"]
[EventCountry "SWE"]
[SourceTitle "playchess.com"]
[Source "ChessBase"]
[SourceQuality "1"]
[TimeControl "40/5400+30:1800+30"]

1. d4 Nf6 2. c4 e6 3. Nf3 b6 4. g3 Ba6 5. Qa4 Bb7 6. Bg2 c5 7. dxc5 bxc5 8. O-O Be7 9. Nc3 O-O 10. Rd1 Qb6 11. Bf4 d6 12. a3 Nbd7 13. Rab1 Rfb8 14. b4 a6 15. Qc2 Qc7 16. b5 h6 17. e4 e5 18. Be3 axb5 19. Nxb5 Qa5 20. Nh4 Bf8 21. Nf5 Bc6 22. Nfxd6 Bxd6 23. Rxd6 Bxb5 24. cxb5 Rxb5 25. Rbd1 Rab8 26. Rxd7 Nxd7 27. Rxd7 Qe1+ 28. Bf1 Rb1 29. Qc4 Kh7 30. Kg2 R8b2 31. Bd3 Qxe3 32. Qxf7 Qg5 33. Bxb1 Rxb1 34. h4 Qg6 35. Qxg6+ Kxg6 36. Rd5 Kf6 37. Rxc5 Rb3 38. a4 Rb4 39. Rc6+ Kf7 40. a5 Rxe4 41. a6 Ra4 42. h5 e4 43. Kh3 Ke7 44. g4 Ra3+ 45. Kh4 e3 46. fxe3 Rxe3 47. Rc7+ Kf6 48. Rc6+ Kf7 49. a7 Ra3 50. Rc7+ Kf6 51. Rb7 g5+ 52. hxg6 Kxg6 53. Rb6+ Kg7 54. Rb7+ Kg6 55. Rc7 Kf6 56. Rc6+ Kg7 57. Rc7+ 1/2-1/2

[Event "SWE-ch Masters Elite 2019"]
[Site "Eskilstuna"]
[Date "2019.07.13"]
[Round "8.1"]
[White "Cramling, Dan"]
[Black "Wengholm, Anders"]
[Result "0-1"]
[ECO "A21"]
[WhiteElo "2321"]
[BlackElo "2219"]
[Annotator "NA"]
[PlyCount "86"]
[EventDate "2019.07.06"]
[EventType "tourn"]
[EventCountry "SWE"]
[SourceTitle "playchess.com"]
[Source "ChessBase"]
[SourceQuality "1"]
[TimeControl "40/5400+30:1800+30"]

1. c4 e5 2. Nc3 Bb4 3. Nd5 Ba5 4. b4 c6 5. bxa5 cxd5 6. cxd5 Qxa5 7. e4 Nf6 8. Qc2 Na6 9. f3 d6 10. Bb2 Bd7 11. Bc3 Qa3 12. Rb1 O-O 13. Rb3 Qa4 14. Qb2 Nxe4 15. Bxa6 Nc5 16. Be2 Nxb3 17. axb3 Qh4+ 18. g3 Qh6 19. b4 f5 20. h4 Qg6 21. Kf2 f4 22. g4 e4 23. Nh3 h5 24. g5 Rae8 25. Bd4 exf3 26. Bxf3 Bg4 27. Qb3 Qf5 28. Kg2 Re3 29. dxe3 Bxf3+ 30. Kxf3 fxe3+ 31. Ke2 Qf3+ 32. Kd3 e2+ 33. Be3 Re8 34. Kd2 Qxh1 35. Kxe2 Qxh3 36. Kd2 Qg2+ 37. Kc1 Qh1+ 38. Kc2 Qe4+ 39. Kd2 Qxe3+ 40. Qxe3 Rxe3 41. Kxe3 Kf7 42. Ke4 Kg6 43. Kf4 a6 0-1

[Event "SWE-ch Masters Elite 2019"]
[Site "Eskilstuna"]
[Date "2019.07.13"]
[Round "8.2"]
[White "Nyander, Joakim"]
[Black "Malmstig, Erik"]
[Result "1/2-1/2"]
[ECO "A25"]
[WhiteElo "2233"]
[BlackElo "2357"]
[Annotator "NA"]
[PlyCount "36"]
[EventDate "2019.07.06"]
[EventType "tourn"]
[EventCountry "SWE"]
[SourceTitle "playchess.com"]
[Source "ChessBase"]
[SourceQuality "1"]
[TimeControl "40/5400+30:1800+30"]

1. c4 e5 2. g3 Nc6 3. Nc3 Bc5 4. Bg2 a6 5. Nf3 d6 6. O-O Be6 7. d3 h6 8. e3 Ba7 9. Re1 Qd7 10. d4 Bg4 11. dxe5 dxe5 12. Qxd7+ Bxd7 13. b3 Bc5 14. Rd1 O-O-O 15. Bb2 f6 16. Rd2 Bg4 17. h3 Rxd2 18. Nxd2 Bf8 1/2-1/2

[Event "SWE-ch Masters Elite 2019"]
[Site "Eskilstuna"]
[Date "2019.07.13"]
[Round "8.3"]
[White "Logdahl, Harald"]
[Black "Ernst, Thomas"]
[Result "1/2-1/2"]
[ECO "B30"]
[WhiteElo "2269"]
[BlackElo "2335"]
[Annotator "NA"]
[PlyCount "104"]
[EventDate "2019.07.06"]
[EventType "tourn"]
[EventCountry "SWE"]
[SourceTitle "playchess.com"]
[Source "ChessBase"]
[SourceQuality "1"]
[TimeControl "40/5400+30:1800+30"]

1. e4 c5 2. Nc3 Nc6 3. Bb5 Nd4 4. Nf3 Nf6 5. e5 Nxb5 6. Nxb5 Nd5 7. O-O Nc7 8. a4 Nxb5 9. axb5 d5 10. exd6 e6 11. d4 Bxd6 12. Be3 Qc7 13. dxc5 Bxc5 14. Bxc5 Qxc5 15. Qd4 Qxd4 16. Nxd4 Bd7 17. f4 Kd8 18. Kf2 Re8 19. c4 Kc7 20. Rfe1 f6 21. Ke3 e5 22. fxe5 Rxe5+ 23. Kd3 a6 24. bxa6 Rxa6 25. Rxe5 fxe5 26. Rxa6 bxa6 27. Nf3 Bc6 28. Nxe5 Bxg2 29. b4 g5 30. Nf7 g4 31. Nh6 Bf1+ 32. Kd4 Be2 33. Kd5 Bd1 34. Ke5 Bb3 35. c5 Bd1 36. Kf4 Kc6 37. Nxg4 Kb5 38. Ne3 Bb3 39. Ke5 Kxb4 40. c6 Ba4 41. Kd6 Bxc6 42. Kxc6 a5 43. Kd5 a4 44. Kd4 a3 45. Nc2+ Kb3 46. Nxa3 Kxa3 47. Ke5 Kb4 48. Kf6 Kc5 49. Kg7 h5 50. Kg6 h4 51. Kg5 Kd6 52. Kxh4 Ke5 1/2-1/2

[Event "SWE-ch Masters Elite 2019"]
[Site "Eskilstuna"]
[Date "2019.07.13"]
[Round "8.4"]
[White "Rydstrom, Tom"]
[Black "Andersson, Tommy"]
[Result "1/2-1/2"]
[ECO "B94"]
[WhiteElo "2345"]
[BlackElo "2390"]
[Annotator "NA"]
[PlyCount "48"]
[EventDate "2019.07.06"]
[EventType "tourn"]
[EventCountry "SWE"]
[SourceTitle "playchess.com"]
[Source "ChessBase"]
[SourceQuality "1"]
[TimeControl "40/5400+30:1800+30"]

1. e4 c5 2. Nf3 d6 3. d4 cxd4 4. Nxd4 Nf6 5. Nc3 a6 6. Bg5 Nbd7 7. Qe2 h6 8. Bh4 g6 9. f4 e5 10. fxe5 dxe5 11. O-O-O Be7 12. Nf3 Qa5 13. Kb1 Nb6 14. Nd5 Nbxd5 15. exd5 e4 16. Bxf6 Bxf6 17. Qxe4+ Kf8 18. Nd4 Qb6 19. Bc4 Bf5 20. Qf4 Re8 21. Bb3 Re4 22. Qb8+ Re8 23. Qf4 Re4 24. Qb8+ Re8 1/2-1/2

[Event "SWE-ch Masters Elite 2019"]
[Site "Eskilstuna"]
[Date "2019.07.13"]
[Round "8.5"]
[White "Lindberg, Bengt"]
[Black "Seo, Jung Min"]
[Result "1-0"]
[ECO "C13"]
[WhiteElo "2384"]
[BlackElo "2399"]
[Annotator "NA"]
[PlyCount "122"]
[EventDate "2019.07.06"]
[EventType "tourn"]
[EventCountry "SWE"]
[SourceTitle "playchess.com"]
[Source "ChessBase"]
[SourceQuality "1"]
[TimeControl "40/5400+30:1800+30"]

1. e4 e6 2. d4 d5 3. Nc3 Nf6 4. Bg5 dxe4 5. Nxe4 Be7 6. Bxf6 gxf6 7. Nf3 a6 8. c4 O-O 9. Qd2 f5 10. Nc3 c5 11. d5 Bf6 12. O-O-O e5 13. h4 b5 14. d6 Be6 15. g4 fxg4 16. Ng5 Bf5 17. Bg2 Ra7 18. Be4 Bg6 19. Bxg6 hxg6 20. Nce4 Nc6 21. h5 Bxg5 22. Nxg5 Nd4 23. hxg6 fxg6 24. Rh6 Qxd6 25. Rdh1 Qf6 26. Nh7 Rxh7 27. Rxh7 Qf4 28. Rh8+ Kf7 29. Qxf4+ exf4 30. Rxf8+ Kxf8 31. cxb5 axb5 32. Rh4 Kf7 33. Rxg4 Ne6 34. Kd1 Kf6 35. Rh4 g5 36. Rh8 Kf5 37. Ke2 g4 38. Re8 Ke5 39. a3 Kf5 40. Ke1 c4 41. Kf1 Nd4 42. Re7 Ne6 43. Rb7 Nd4 44. Rc7 Nb3 45. a4 bxa4 46. Ke1 Ke4 47. Rxc4+ Nd4 48. Kf1 g3 49. Rxa4 gxf2 50. Rc4 Kd5 51. Rc3 Nb5 52. Rc1 Nd4 53. Kxf2 Nb3 54. Rc3 Nc5 55. Kf3 Na4 56. Rc2 Kd4 57. b4 Nb6 58. b5 Kd5 59. Kxf4 Na8 60. Rc6 Kd4 61. Kf5 Kd5 {[%emt 0:00:08] Ke4+} 1-0

[Event "SWE-ch Masters Elite 2019"]
[Site "Eskilstuna"]
[Date "2019.07.14"]
[Round "9.1"]
[White "Malmstig, Erik"]
[Black "Cramling, Dan"]
[Result "1-0"]
[ECO "A42"]
[WhiteElo "2357"]
[BlackElo "2321"]
[Annotator "NA"]
[PlyCount "139"]
[EventDate "2019.07.06"]
[EventType "tourn"]
[EventCountry "SWE"]
[SourceTitle "playchess.com"]
[Source "ChessBase"]
[SourceQuality "1"]
[TimeControl "40/5400+30:1800+30"]

1. d4 g6 2. c4 d6 3. Nc3 Bg7 4. e4 e5 5. d5 f5 6. exf5 gxf5 7. Qh5+ Kf8 8. f4 {[%emt 0:00:39] A42: Modern Defence: Averbakh Variation} (8. g3 $14) (8. Bd3 Ne7 9. Bg5 Qe8 10. Qxe8+ Kxe8 11. f3 Na6 12. Nge2 Bd7 13. O-O-O Nb4 14. Bb1 a5 15. Rhg1 h5 16. g3 {1-0 (74) Riazantsev,A (2646)-Bachmann,A (2593) Berlin 2015}) 8... Nf6 9. Qh4 Na6 $146 ({Predecessor:} 9... Kf7 10. fxe5 dxe5 11. c5 Rf8 12. Bc4 Kg8 13. Nf3 Nbd7 14. c6 Nb6 15. d6+ Kh8 {1-0 (36) Zimmermann,U (2276)-Mons,L (2402) Hannover 2013}) 10. fxe5 dxe5 11. Bh6 Qe7 12. O-O-O Bd7 13. h3 Re8 14. Be2 Nc5 15. Bxg7+ Kxg7 16. Qg5+ Kf7 17. d6 cxd6 18. Nd5 Nxd5 19. Bh5+ Kf8 20. Qh6+ Qg7 21. Qxd6+ Re7 22. g4 Qg5+ 23. Kb1 Ne4 24. Qxd5 Bc6 25. Qa5 b6 26. Qe1 Nd2+ 27. Rxd2 Bxh1 28. Ne2 Be4+ 29. Ka1 Qe3 30. gxf5 Bxf5 31. Rd6 Re6 32. Rd7 Rg6 33. Rxa7 Rhg8 34. Bxg6 Rxg6 35. a4 Rg2 36. Qb4+ Qc5 37. Qxc5+ (37. Qd2 $16 Qg1+ 38. Ka2 Qb1+ 39. Kb3 Qd3+ 40. Qxd3 Bxd3 41. Nc3) 37... bxc5 38. Nc3 Bd3 39. b3 e4 40. Nd5 Rg1+ 41. Kb2 Rg2+ 42. Kc1 Rc2+ 43. Kd1 $14 Rb2 44. Rc7 Rb1+ 45. Kd2 Rb2+ 46. Ke1 e3 47. Nxe3 Re2+ 48. Kd1 Rxe3 49. Kd2 Rxh3 50. Rxc5 Be4 51. Re5 Bg2 52. b4 Ra3 53. a5 Kf7 54. Kc2 Kf6 55. Re8 h5 56. Kb2 Rg3 57. a6 Rg7 58. Rh8 Bf3 59. b5 Kg5 60. b6 h4 61. Kc3 Kg4 62. c5 h3 63. a7 Rg6 64. a8=Q Bxa8 65. Rxa8 Rg5 66. Kd4 h2 67. Ra1 Kf3 68. b7 Rg1 69. b8=Q Rxa1 70. Qxh2 {[%emt 0:00:06] Ke4+ Kxe4} 1-0

[Event "SWE-ch Masters Elite 2019"]
[Site "Eskilstuna"]
[Date "2019.07.14"]
[Round "9.2"]
[White "Wengholm, Anders"]
[Black "Logdahl, Harald"]
[Result "0-1"]
[ECO "A86"]
[WhiteElo "2219"]
[BlackElo "2269"]
[Annotator "ChessBase"]
[PlyCount "90"]
[EventDate "2019.07.06"]
[EventType "tourn"]
[EventCountry "SWE"]
[SourceTitle "playchess.com"]
[Source "ChessBase"]
[SourceQuality "1"]
[TimeControl "40/5400+30:1800+30"]

1. c4 f5 2. g3 g6 3. d4 Nf6 4. Bg2 Bg7 5. Nc3 O-O 6. b3 d6 7. Ba3 a5 8. Rc1 Na6 9. Nh3 Nb4 10. O-O c6 11. d5 Bd7 12. Qd2 Kh8 13. Bb2 Na6 14. e4 cxd5 15. exd5 Nc5 16. Rfe1 Qb6 17. Rxe7 Rae8 18. Rxe8 Rxe8 19. Rb1 Kg8 20. Nf4 Kf7 21. Qc2 Bh6 22. Ne6 Nxe6 23. dxe6+ Bxe6 24. Nb5 Ng4 25. Rd1 Be3 26. Bd4 Bxd4 27. Rxd4 d5 28. Bxd5 Bxd5 29. Rxd5 Re1+ 30. Kg2 Ne3+ 31. fxe3 Qxe3 32. Rxf5+ gxf5 33. Qxf5+ Kg7 34. Qg4+ Kf6 35. Qh4+ Kg7 36. Qg4+ Kf6 37. Qh4+ Kg6 38. Qg4+ Qg5 39. Qxg5+ Kxg5 40. Nd4 Ra1 41. Kf3 Rxa2 42. h4+ Kf6 43. Kf4 h5 44. g4 hxg4 45. Kxg4 a4 0-1